 Dungeon Crawl Stone Soup version 0.29.1-2-gbd0b4ee654 (webtiles) character file.

Game seed: 10406384222931061082

116 cdecastro the Changer (level 4, -4/51 HPs)
             Began as a Demigod Transmuter on Oct 31, 2022.
             Slain by a gnoll
             ... wielding a +0 spear
             ... led by a gnoll bouda
              (6 damage)
             ... on level 3 of the Dungeon.
             The game lasted 00:03:35 (2489 turns).

cdecastro the Changer (Demigod Transmuter)          Turns: 2489, Time: 00:03:36

Health: -4/51      AC: 22    Str: 11    XL:     4   Next: 43%
Magic:  9/9        EV:  2    Int: 19    God:
Gold:   97         SH:  0    Dex: 14    Spells: 5/6 levels left

rFire   . . .      SeeInvis .     - Unarmed
rCold   . . .      Faith    .   (no shield)
rNeg    . . .      Spirit   .   (body armour currently unavailable)
rPois   +          Reflect  .   (helmet currently unavailable)
rElec   .          Harm     .   (cloak currently unavailable)
rCorr   .          Rampage  .   (gloves currently unavailable)
Will    .....      NoTele   +   (boots currently unavailable)
Stlth   +.........              (no amulet)
HPRegen 0.17/turn               (no ring)
MPRegen 0.11/turn               (no ring)

@: tree-form, weakened
A: stationary, stasis, torment immunity, boosted hp, high MP 1, forlorn, divine
attributes
a: no special abilities


You were on level 3 of the Dungeon.
You were a tree.
You visited 1 branch of the dungeon, and saw 3 of its levels.

You collected 97 gold pieces.

Inventory:

Missiles
 e - 18 stones
Armour
 a - a +0 robe (melded)
 l - a +2 hat (melded)
 m - a +0 ring mail
Scrolls
 f - 5 scrolls of identify
Potions
 c - a potion of mutation {unknown}
 d - 2 potions of curing
 g - 2 potions of degeneration {unknown}
 h - a potion of might {unknown}
 i - 2 potions of attraction {unknown}
 j - a potion of berserk rage {unknown}
 k - a potion of brilliance {unknown}
 n - a potion of heal wounds {unknown}


   Skills:
 - Level 0.8 Fighting
 - Level 1.7 Dodging
 + Level 3.6 Unarmed Combat
 - Level 1.7 Spellcasting
 * Level 3.8 Transmutations


You had 5 spell levels left.
You knew the following spells:

 Your Spells              Type           Power      Damage    Failure   Level
a - Beastly Appendage     Tmut           32%        N/A       3%          1

Your spell library contained the following spells:

 Spells                   Type           Power      Damage    Failure   Level
 Wereblood                Tmut           16%        N/A       5%          2
 Spider Form              Tmut/Pois      9%         N/A       24%         3
 Ice Form                 Ice/Tmut       9%         N/A       61%         4
 Summon Forest            Summ/Tloc      0%         N/A       99%         5
 Summon Mana Viper        Hex/Summ       1%         N/A       99%         5
 Summon Cactus Giant      Summ           0%         N/A       100%        6


Dungeon Overview and Level Annotations

Branches:
Dungeon (3/15)


Innate Abilities, Weirdness & Mutations

You are a tree.
Your roots penetrate the ground, keeping you stationary.
You cannot be teleported.
You are immune to unholy pain and torment.
Your maximum health is greatly increased.
Your equipment is partially melded.
You have an increased reservoir of magic. (+10% MP)
You shall have no god before yourself.
Your divine heritage dramatically boosts your attributes as you level up.


Message History

The gnolls pick up the pace!
You hear a shout!
You hit the gnoll bouda. You claw the gnoll bouda.
You headbutt the gnoll bouda.
The gnoll bouda is heavily wounded.
The gnoll barely misses you.
The gnoll bouda barks out a call to the hunt!
You hit the gnoll bouda. Your headbutt misses the gnoll bouda.
The gnoll bouda is severely wounded.
Your transformation is almost over.
The gnoll barely misses you.
The gnoll bouda hits you with a +0 club!
* * * LOW HITPOINT WARNING * * *
You hit the gnoll bouda but do no damage.
You claw the gnoll bouda, but do no damage.
The gnoll bouda is severely wounded.
A gnoll comes into view. It is wielding a +0 whip.
The gnoll barely misses you.
The gnoll bouda gazes fiercely through you!
You feel as though you will be weak longer.
The gnoll bouda barely misses you.
Really quaff the potion of lignification?
Okay, then.
Really quaff the potion of lignification?
Your horns disappear.
Your talons disappear.
Your +2 hat unmelds from your body.
You turn into a tree.
Your +2 hat melds into your body.
Your +0 robe melds into your body.
Your roots penetrate the ground.
The gnoll bouda hits you but does no damage.
The gnoll hits you but does no damage.
Unknown command.
As you read the scroll labelled ZEXUANU HEBB, it crumbles to dust.
It is a scroll of identify.
d - 2 potions of curing The gnoll hits you but does no damage.
The gnoll bouda hits you but does no damage.
You hit the gnoll bouda but do no damage.
The gnoll bouda is severely wounded.
The gnoll hits you from afar with a +0 spear.
You die...

......)..##...##.......#
...##†...#.#.#(#.......# .
...##....#..#.(#.......#+#..
...##....#.#(#(#............
...##....##.((##............
...##....###(###gg..g.......
...##.)..#.###.#g#####......
#....#.....#g# ....#
####.##._.##♣# g..#
#..#...#..# ..# #..##'##..#
## ##.......## #########


You could see a gnoll bouda, a +0 falchion (wandering) and 3 gnolls.

Vanquished Creatures
  Jessica (D:3)
  4 gnolls (D:3)
  An adder (D:2)
  A dart slug (D:1)
  A ball python (D:2)
  3 bats
  8 endoplasms
  2 giant cockroaches (D:1)
  A goblin (D:2)
  6 hobgoblins
  3 quokkas
  A frilled lizard (D:1)
  A kobold (D:1)
  7 rats
40 creatures vanquished.

Notes
Turn   | Place    | Note
-------+----------+-------------------------------------------
     0 | D:1      | cdecastro the Demigod Transmuter began the quest for the
                  | Orb.
     0 | D:1      | Reached XP level 1. HP: 15/15 MP: 5/5
   500 | D:1      | Reached XP level 2. HP: 21/22 MP: 5/7
  1434 | D:2      | Reached XP level 3. HP: 18/27 MP: 8/8
  2189 | D:3      | Noticed Jessica
  2197 | D:3      | Killed Jessica
  2230 | D:3      | Noticed a +0 spear
  2230 | D:3      | Noticed a +0 dagger
  2230 | D:3      | Noticed a +0 short sword
  2231 | D:3      | Noticed a +0 falchion
  2231 | D:3      | Noticed a +0 dagger
  2231 | D:3      | Noticed a +0 falchion
  2232 | D:3      | Noticed a +0 spear
  2232 | D:3      | Noticed a +0 short sword
  2240 | D:3      | Reached XP level 4. HP: 26/34 MP: 7/9
  2485 | D:3      | HP: 1/34 [gnoll bouda/+0 club (12)]
  2489 | D:3      | Slain by a gnoll

Illustrated notes

Levels and vault maps discovered:
D:1:      dpeg_arrival_round_b, layout_basic,
          hellmonk_ecumenical_altar_inner_sanctum, minmay_misc_feat_rows
D:2:      layout_basic, basic_altar, minmay_tripent
D:3:      layout_basic, nicolae_uskayaw_en_pointe, fedhas_altar_1, nrook_uturn,
          uniq_jessica, uniq_crazy_yiuf_cottage

Skill      XL: |  1  2 |
---------------+-------+-----
Transmutations | 2 3 |  3.8
Unarmed Combat | 3 |  3.6
Fighting       | |  0.8
Dodging        | |  1.7
Spellcasting   | |  1.7

Action                   |  1- 3 |  4- 6 || total
-------------------------+-------+-------++-------
Melee: Unarmed           |    79 |    18 ||    97
       Kick              |    15 |     4 ||    19
       Headbutt          |    12 |     5 ||    17
       Punch             |     1 |       ||     1
 Cast: Beastly Appendage |    30 |     2 ||    32
  Use: Scroll            |       |     1 ||     1
       Potion            |       |     1 ||     1
 Stab: Sleeping          |     2 |       ||     2
Armor: Robe              |     7 |     1 ||     8
       Skin              |       |     4 ||     4
Dodge: Dodged            |    45 |    12 ||    57
